 Dungeon Crawl Stone Soup version 0.26-a0-651-gb41185065b (webtiles) character file.

Game seed: 8972333812570164001

(classic levelgen) 95 EnegeticOcto the Covered (level 4, -6/42 HPs)
             Began as a Deep Dwarf Fighter on Oct 9, 2020.
             Mangled by an ogre
             ... wielding a +0 giant club
              (25 damage)
             ... on level 4 of the Dungeon.
             The game lasted 00:00:35 (432 turns).

EnegeticOcto the Covered (Deep Dwarf Fighter)        Turns: 432, Time: 00:00:35

Health: -6/42      AC:  7    Str: 20    XL:     4   Next: 40%
Magic:  4/4        EV:  5    Int:  9    God:
Gold:   70         SH: 14    Dex: 12    Spells: 3/3 levels left

rFire    . . .     SeeInvis .   a - +0 war axe
rCold    . . .     Faith    .   h - +0 tower shield
rNeg     . . .     Spirit   .   b - +0 scale mail
rPois    .         Reflect  .   (no helmet)
rElec    .         Harm     .   (no cloak)
rCorr    .         Rampage  .   (no gloves)
MR       .....                  (no boots)
Stlth    ..........             (no amulet)
HPRegen  0.00/turn              (no ring)
MPRegen  0.09/turn              (no ring)

@: non-regenerating
A: damage resistance, heal wounds, sense surroundings 1, no regeneration
a: Heal Wounds


You were on level 4 of the Dungeon.
You visited 1 branch of the dungeon, and saw 4 of its levels.

You collected 70 gold pieces.

Inventory:

Hand Weapons
 a - a +0 war axe (weapon)
Armour
 b - a +0 scale mail (worn)
 c - a +0 kite shield
 h - a +0 tower shield (worn)
Scrolls
 g - 2 scrolls of identify {unknown}
 i - a scroll of teleportation {unknown}
 j - a scroll of remove curse {unknown}
Potions
 d - a potion of might {@q3}
 e - 2 potions of stabbing {unknown}
 f - a potion of cancellation {unknown}


   Skills:
 + Level 3.2 Fighting
 * Level 3.6 Axes
 + Level 3.9 Armour
 + Level 3.9 Shields


You had 3 spell levels left.
You didn't know any spells.
Your spell library was empty.

Dungeon Overview and Level Annotations

Branches:
Dungeon (4/15)
 Temple: D:4-7

Altars:


Innate Abilities, Weirdness & Mutations

You are resistant to damage.
You can heal yourself by infusing magical energy.
You passively map a small area around you.
You do not regenerate.


Message History

You destroy the water moccasin skeleton!
You have reached level 4!
You feel clever.
Your shield prevents you from hitting the jackal.
You block the jackal's attack. The jackal barely misses you.
You hit the jackal.
The jackal is moderately wounded.
You block the jackal's attack. x2; The jackal completely misses you.
You closely miss the jackal.
The jackal is moderately wounded.
The jackal barely misses you. You block the jackal's attack.
You barely miss the jackal.
The jackal is moderately wounded.
You block the jackal's attack.
The jackal bites you but does no damage.
You closely miss the jackal.
The jackal is moderately wounded.
You block the jackal's attack. x2
Your scale mail prevents you from hitting the jackal.
The jackal is moderately wounded.
The jackal bites you. You block the jackal's attack.
You closely miss the jackal.
The jackal is moderately wounded.
You block the jackal's attack. x2
You barely miss the jackal.
The jackal is moderately wounded.
The jackal bites you but does no damage.
The jackal bites you.
You closely miss the jackal.
The jackal is moderately wounded.
You block the jackal's attack. x2
You fail to use your ability.
The jackal barely misses you.
A jackal is nearby!
A jackal is nearby!
A jackal is nearby!
A jackal is nearby!
A jackal is nearby!
A jackal is nearby!
A jackal is nearby!
You slash the jackal!
You kill the jackal!
No target in view!
No target in view!
No target in view!
No target in view!
No target in view!
No target in view!
No target in view!
e - 2 bubbling sapphire potions (gained 1)
You now have 51 gold pieces (gained 16).
You now have 70 gold pieces (gained 19).
Found a whip.
You see here a whip.
An ogre comes into view. It is wielding a +0 giant club.
An ogre is nearby!
An ogre is nearby!
An ogre is nearby!
An ogre is nearby!
An adder comes into view.
The adder hisses angrily.
Found a leather armour.
You block the ogre's attack.
You hit the ogre.
The ogre is lightly wounded.
The ogre hits you with a +0 giant club!
You slash the ogre!
The ogre is heavily wounded.
You hit the adder. You block the adder's attack. The ogre barely misses you.
The adder bites you.
You hit the ogre.
The ogre is severely wounded.
You hit the adder. The adder bites you but does no damage.
The ogre hits you with a +0 giant club!!
* * * LOW HITPOINT WARNING * * *
The adder bites you but does no damage.
You are too injured to fight recklessly!
You are too injured to fight recklessly!
You are too injured to fight recklessly!
You are too injured to fight recklessly!
You are too injured to fight recklessly!
You are too injured to fight recklessly!
You are too injured to fight recklessly!
You are too injured to fight recklessly!
You are too injured to fight recklessly!
You are too injured to fight recklessly!
You are too injured to fight recklessly!
You are too injured to fight recklessly!
You are too injured to fight recklessly!
You are too injured to fight recklessly!
You are too injured to fight recklessly!
You are too injured to fight recklessly!
You are too injured to fight recklessly!
You are too injured to fight recklessly!
You are too injured to fight recklessly!
You are too injured to fight recklessly!
You are too injured to fight recklessly!
You feel much better. You block the adder's attack.
The ogre hits you with a +0 giant club!!
Ouch! That really hurt!
You die...

* >, , , * #.... ,,
* ###....### ..# ,
.........# ...##
#........# .... ,
.........##..#
.........#..[# *
...........#.##*
... ,
#O@S.....###..#.#..
,
###.#.##...........
, * #.....#.#..#*
... , ###.#.....#
#.. ,,
#.......#####.. **
, #.............. *
, * * ,,
####........... ,
,,#...#......... ,
,, 8,
#.#####..###..


You could see an ogre and an adder.

Vanquished Creatures
  A water moccasin skeleton (D:4)
  2 adders (D:2)
  A worm (D:3)
  A dart slug (D:2)
  An orc (D:4)
  A ball python (D:2)
  3 giant cockroaches (D:3)
  3 hobgoblins
  3 jackals (D:4)
  A quokka (D:2)
  5 bats
  A goblin (D:2)
  A kobold (D:3)
  3 rats
27 creatures vanquished.

Notes
Turn   | Place    | Note
-------+----------+-------------------------------------------
     0 | D:1      | EnegeticOcto the Deep Dwarf Fighter began the quest for the
                  | Orb.
     0 | D:1      | Reached XP level 1. HP: 20/20 MP: 1/1
    78 | D:2      | Reached XP level 2. HP: 24/27 MP: 2/2
   133 | D:2      | Reached XP level 3. HP: 26/33 MP: 3/3
   323 | D:4      | Reached XP level 4. HP: 29/42 MP: 4/4
   425 | D:4      | Noticed an ogre
   431 | D:4      | HP: 2/42 [ogre/+0 giant club (17)]
   432 | D:4      | Mangled by an ogre

Illustrated notes

Levels and vault maps discovered:
D:1:      ebering_trefoil_twist, layout_basic
D:2:      layout_basic, minmay_pentomino_t2
D:3:      layout_basic, minmay_circle_x
D:4:      minmay_octagon_keep, layout_rooms, kennysheep_little_box,
          minmay_overflow_temple_star_quad, lemuel_crystal_altar, fedhas_altar_1

Skill      XL: |  1  2  3 |
---------------+----------+-----
Axes           | 3 |  3.6
Fighting       | 3 |  3.2
Armour         | |  3.9
Shields        | |  3.9

Action                   |  1- 3 |  4- 6 || total
-------------------------+-------+-------++-------
Melee: War axe           |    63 |    12 ||    75
 Abil: Heal Wounds       |     1 |     1 ||     2
Armor: Scale mail        |    40 |     4 ||    44
Dodge: Dodged            |    14 |     5 ||    19
Block: Kite shield       |    40 |       ||    40
       Tower shield      |    24 |    15 ||    39

Table legend: (Time is in decaauts)
 A = Elapsed time spent in this place.
 B = Non-inter-level travel time spent in this place.
 C = Inter-level travel time spent in this place.
 D = Time resting spent in this place.
 E = Time spent auto-exploring this place.
 F = Levels seen in this place.
 G = Mean time per level.
                   A        B        C        D        E       F      G
               +--------+--------+--------+--------+--------+-----+--------+
         Total |    465 |    444 |     21 |      0 |    203 |   4 |  116.2 |
       Dungeon |    465 |    444 |     21 |      0 |    203 |   4 |  116.2 |
               +--------+--------+--------+--------+--------+-----+--------+

Top non-repeatable levels by time:
     D:3: 164 daAuts
     D:2: 144 daAuts
     D:4: 144 daAuts
     D:1: 11 daAuts
